 Dungeon Crawl Stone Soup version 0.31-a0-875-g02e7d12df6 (webtiles) character file.

Game seed: 14311715774690409533

167 IdlyInterested the Trooper (level 5, -1/42 HPs)
             Began as a Demonspawn Wanderer on Oct 12, 2023.
             Slain by a gnoll
             ... wielding a +0 club
              (4 damage)
             ... on level 3 of the Dungeon.
             The game lasted 00:09:14 (2222 turns).

IdlyInterested the Trooper (Demonspawn Wanderer)    Turns: 2222, Time: 00:09:15

Health: -1/42      AC:  6    Str: 13    XL:     5   Next: 23%
Magic:  5/5        EV: 11    Int: 12    God:
Gold:   57         SH:  0    Dex: 15    Spells: 4/4 levels left

rFire   . . .        a - +2 dagger
rCold   . . .        (no shield)
rNeg    . . .        j - +0 ring mail
rPois   .            (no helmet)
rElec   .            p - +0 cloak
rCorr   .            (no gloves)
SInv    .            (no boots)
Will    .....        z - amulet of the acrobat
Stlth   +            h - ring of wizardry
HPRegen 0.27/turn    l - ring of wizardry
MPRegen 0.09/turn

%: acrobat, wizardry (x2)
@: no status effects
A: hooves 2
a: no special abilities


You were on level 3 of the Dungeon.
You visited 1 branch of the dungeon, and saw 3 of its levels.

You collected 154 gold pieces.
You spent 97 gold pieces at shops.

Inventory:

Hand Weapons
 a - a +2 dagger (weapon)
 c - a +0 falchion
 g - a +0 spear
 k - a +0 whip
 n - a +0 heavy flail
 A - a +0 spear
Missiles
 b - 2 curare-tipped darts
 m - 34 stones (quivered)
 q - 3 poisoned darts
 r - 4 boomerangs
Armour
 f - a +0 leather armour
 j - a +0 ring mail (worn)
 p - a +0 cloak (worn)
 u - a +0 plate armour
Magical Staves
 x - the staff of Moral Flaws {rF+ Str+5 Stlth+ Hexes Fire}
   (You found it on level 2 of the Dungeon)

   [staff of fire]

   Base accuracy: +5 Base damage: 5 Base attack delay: 1.2 This weapon's minimum
   attack delay (0.6) is reached at skill level 12.
   Str+5:     It affects your strength (+5).
   rF+:       It protects you from fire.
   Stlth+:    It makes you more stealthy.
   Hexes:     It increases the power of your Hexes spells.
   Fire:      It increases the power of your Fire spells.
   It falls into the 'Staves' category.
   It is a one-handed weapon.
 B - a staff of conjuration
Jewellery
 h - a ring of wizardry (left hand)
 l - a ring of wizardry (right hand)
 s - a ring of ice
 z - an amulet of the acrobat (around neck)
Wands
 d - a wand of flame (6)
Scrolls
 e - a scroll of teleportation
 i - 2 scrolls of identify {unknown}
 o - a scroll of vulnerability {unknown}
 v - a scroll of fog {unknown}
 y - a scroll of revelation
Potions
 t - a potion of lignification {unknown}
 w - 3 potions of attraction


   Skills:
 * Level 4.2 Fighting
 - Level 1.0 Long Blades
 - Level 2.0 Throwing
 - Level 2.0 Armour
 + Level 1.9 Dodging
 - Level 1.0 Stealth
 - Level 3.0 Evocations


You had 4 spell levels left.
You didn't know any spells.
Your spell library contained the following spells:

 Spells                   Type           Power      Damage    Failure   Level
 Sublimation of Blood     Necr           0%         N/A       26%         2
 Wereblood                Tmut           0%         N/A       26%         2
 Summon Hydra             Summ           0%         N/A       100%        7


Dungeon Overview and Level Annotations

Branches:
Dungeon (3/15)

Altars:

Shops:
D:1 ?   D:2 [


Innate Abilities, Weirdness & Mutations

You have hoof-like feet.


Message History

The gnoll hits you with a +0 whip. The gnoll barely misses you.
You hit the gnoll. Your kick misses the gnoll.
The gnoll is almost dead.
The gnoll closely misses you. The gnoll barely misses you.
You hit the gnoll but do no damage. Your kick misses the gnoll.
The gnoll is almost dead.
The gnoll closely misses you. The gnoll barely misses you.
You hit the gnoll but do no damage.
The gnoll is almost dead.
The gnoll hits you with a +0 whip.
The gnoll hits you from afar with a +0 spear.
You barely miss the gnoll.
The gnoll is almost dead.
The gnoll barely misses you.
The gnoll hits you from afar with a +0 spear.
You hit the gnoll.
You kill the gnoll!
The gnoll hits you from afar with a +0 spear.
* * * LOW HITPOINT WARNING * * *
The gnoll hits you with a +0 spear.
* * * LOW HITPOINT WARNING * * *
You see here a +0 whip.
You hit the gnoll. Your kick misses the gnoll.
The gnoll is heavily wounded.
The gnoll closely misses you.
You hit the gnoll.
The gnoll is severely wounded.
The gnoll barely misses you.
You hit the gnoll.
The gnoll is severely wounded.
The gnoll hits you with a +0 spear.
* * * LOW HITPOINT WARNING * * *
You hit the gnoll.
You kill the gnoll!
You completely miss the gnoll. The gnoll hits you with a +0 club.
* * * LOW HITPOINT WARNING * * *
You hit the gnoll.
The gnoll is moderately wounded.
The gnoll hits you with a +0 club.
You die...

..........#
.........#
........# ..$....
.... #+##'#
#.)..# ### ##g#.#
... #@#...#.#
#####'#####.#
#.........#.#####
#...............#
#..>......#.###.#
#.........#.#
#.........#.#
###########.###
#...#


You could see a gnoll.

Vanquished Creatures
  7 gnolls (D:3)
  2 adders (D:2)
  4 dart slugs
  2 worms
  3 bats
  8 endoplasms
  A giant cockroach (D:2)
  3 goblins (D:1)
  7 hobgoblins
  7 jackals
  3 kobolds (D:1)
  7 ball pythons
  7 frilled lizards
  7 rats
68 creatures vanquished.

Notes
Turn   | Place    | Note
-------+----------+-------------------------------------------
     0 | D:1      | IdlyInterested the Demonspawn Wanderer began the quest for
                  | the Orb.
     0 | D:1      | IdlyInterested set off with the following items: a +2
                  | dagger, 2 curare-tipped darts, a +0 falchion, a wand of
                  | flame (6), a scroll of teleportation, a +0 leather armour.
     0 | D:1      | Reached XP level 1. HP: 15/15 MP: 1/1
    36 | D:1      | Found a faded altar of an unknown god.
   102 | D:1      | Noticed a floating eye
   102 | D:1      | Noticed a shining eye
   112 | D:1      | Noticed a great orb of eyes
   112 | D:1      | Noticed a floating eye
   158 | D:1      | Gained mutation: You have large cloven feet. [demonic
                  | ancestry]
   158 | D:1      | Reached XP level 2. HP: 6/22 MP: 2/2
   270 | D:1      | Reached skill level 2 in Fighting
   413 | D:1      | Reached XP level 3. HP: 27/28 MP: 3/3
   555 | D:1      | Found Weankoid's Magic Scroll Shoppe.
   737 | D:2      | Found Qadgh's Antique Armour Shop.
   992 | D:2      | Reached skill level 3 in Fighting
  1372 | D:2      | Reached XP level 4. HP: 33/35 MP: 4/4
  1550 | D:2      | Identified the staff of Moral Flaws {rF+ Str+5 Stlth+ Hexes
                  | Fire}
  1743 | D:1      | Bought a scroll of revelation for 97 gold pieces
  2181 | D:3      | Reached skill level 4 in Fighting
  2187 | D:3      | Gained mutation: You have hoof-like feet. [demonic
                  | ancestry]
  2187 | D:3      | Reached XP level 5. HP: 39/42 MP: 5/5
  2222 | D:3      | Slain by a gnoll

Illustrated notes

Levels and vault maps discovered:
D:1:      wander_arrival_abandoned_jail, layout_rooms,
          hellmonk_ecumenical_altar_watching_god, serial_shops,
          nicolae_shop_temple_entry_statues_fountains, bh_walls_and_bars
D:2:      layout_rooms, basic_altar, serial_shops,
          nicolae_shop_tiny_statue_garden, minmay_pentomino_w4
D:3:      layout_basic, nicolae_overflow_crystal_walls

Skill      XL: |  1  2  3  4 |
---------------+-------------+-----
Throwing       | 2 |  2.0
Fighting       | 2 3 4 |  4.2
Armour         | 2 |  2.0
Long Blades    | |  1.0
Dodging        | |  1.9
Stealth        | |  1.0
Evocations     | |  3.0

Action                     |  1- 3 |  4- 6 || total
---------------------------+-------+-------++-------
  Melee: Dagger            |   141 |   113 ||   254
         Kick              |    31 |    36 ||    67
         Punch             |     2 |       ||     2
  Throw: Stone             |     8 |     6 ||    14
         Dart              |     1 |     6 ||     7
    Use: Potion            |     1 |     2 ||     3
 Armour: Leather armour    |    22 |       ||    22
         Ring mail         |    60 |    78 ||   138
  Dodge: Dodged            |    72 |    60 ||   132

Table legend: (Time is in decaauts)
 A = Elapsed time spent in this place.
 B = Non-inter-level travel time spent in this place.
 C = Inter-level travel time spent in this place.
 D = Time resting spent in this place.
 E = Time spent auto-exploring this place.
 F = Levels seen in this place.
 G = Mean time per level.
                   A        B        C        D        E       F      G
               +--------+--------+--------+--------+--------+-----+--------+
         Total |   2218 |   1992 |    226 |    527 |    759 |   3 |  739.3 |
       Dungeon |   2218 |   1992 |    226 |    527 |    759 |   3 |  739.3 |
               +--------+--------+--------+--------+--------+-----+--------+

Top non-repeatable levels by time:
     D:2: 1091 daAuts
     D:1: 795 daAuts
     D:3: 332 daAuts
